[Event "XXIX Cracovia 2018"]
[Site "Krakow"]
[Date "2019.01.04"]
[Round "9"]
[White "Budnik, Mateusz"]
[Black "Szwaj, Jacek"]
[Result "1-0"]
[ECO "B90"]
[WhiteElo "2053"]
[BlackElo "1968"]
[Annotator "NA"]
[PlyCount "119"]
[EventDate "2018.12.27"]
[EventType "swiss"]
[EventCountry "POL"]
[SourceTitle "playchess.com"]
[Source "ChessBase"]
[SourceQuality "1"]
[TimeControl "40/5400+30:1800+30"]

1. e4 c5 2. Nf3 d6 3. d4 cxd4 4. Nxd4 Nf6 5. Nc3 a6 6. h3 e5 7. Nde2 h6 8. g4 b5 9. Bg2 Bb7 10. Ng3 Nbd7 11. O-O Rc8 12. Be3 Nb6 13. Bxb6 Qxb6 14. Rc1 b4 15. Nb1 g6 16. Re1 Bg7 17. Nd2 O-O 18. b3 Rfd8 19. Nc4 Qc5 20. c3 bxc3 21. Rxc3 d5 22. exd5 Rxd5 23. Qe2 Rd7 24. Rc2 Bxg2 25. Ne3 Qf8 26. Kxg2 Rxc2 27. Qxc2 Qa8+ 28. Kg1 Nd5 29. Nxd5 Rxd5 30. Rc1 Qa7 31. Qc8+ Kh7 32. Nf1 Rd3 33. Rc7 Qd4 34. Rxf7 e4 35. Qc4 Qe5 36. Qc7 Qa1 37. Qc2 Rd1 38. Qe2 a5 39. Rc7 Re1 40. Qc4 e3 41. Rc8 Rxf1+ 42. Qxf1 exf2+ 43. Kg2 Qxa2 44. Qc4 f1=Q+ 45. Kxf1 Qa1+ 46. Kg2 Qb2+ 47. Qc2 Qe5 48. Rc5 Qe1 49. Rc6 Qe8 50. h4 Qf7 51. Qe4 Kg8 52. Qe6 Qxe6 53. Rxe6 Kf7 54. Ra6 Bc3 55. h5 gxh5 56. gxh5 Kg7 57. Kf3 Kh7 58. Ra7+ Kg8 59. Kg4 Bd2 60. Kf5 1-0

[Event "XXIX Cracovia 2018"]
[Site "Krakow"]
[Date "2019.01.04"]
[Round "9"]
[White "Smal, Tobiasz"]
[Black "Patsia, Zviad"]
[Result "1-0"]
[ECO "D02"]
[WhiteElo "1958"]
[BlackElo "2058"]
[Annotator "NA"]
[PlyCount "75"]
[EventDate "2018.12.27"]
[EventType "swiss"]
[EventCountry "POL"]
[SourceTitle "playchess.com"]
[Source "ChessBase"]
[SourceQuality "1"]
[TimeControl "40/5400+30:1800+30"]

1. d4 d5 2. Nf3 Nf6 3. Bf4 e6 4. e3 Be7 5. Bd3 c5 6. c3 Nbd7 7. Nbd2 a6 8. O-O O-O 9. h3 b5 10. a4 c4 11. Bc2 Bb7 12. Re1 b4 13. a5 Nb8 14. Ne5 Nc6 15. Nxc6 Bxc6 16. g4 bxc3 17. bxc3 Bd6 18. Bg5 Bc7 19. Qf3 Rb8 20. Reb1 Rxb1+ 21. Bxb1 e5 22. dxe5 Bxe5 23. Bxh7+ Kh8 24. Bc2 Qd6 25. Bf4 g6 26. Nxc4 dxc4 27. Bxe5 Qxe5 28. Qxc6 Qxc3 29. Ra4 Nxg4 30. hxg4 Qxc2 31. Rxc4 Qd1+ 32. Kg2 Kg7 33. g5 Qd8 34. Qc5 Re8 35. Rf4 Qa8+ 36. Kg3 Re4 37. Rxe4 Qxe4 38. Qd4+ 1-0

[Event "XXIX Cracovia 2018"]
[Site "Krakow"]
[Date "2019.01.04"]
[Round "9"]
[White "Jankowiak, Piotr"]
[Black "Siprashvili, Ivane"]
[Result "1/2-1/2"]
[ECO "A45"]
[WhiteElo "1952"]
[BlackElo "2074"]
[Annotator "NA"]
[PlyCount "111"]
[EventDate "2018.12.27"]
[EventType "swiss"]
[EventCountry "POL"]
[SourceTitle "playchess.com"]
[Source "ChessBase"]
[SourceQuality "1"]
[TimeControl "40/5400+30:1800+30"]

1. d4 Nf6 2. Bf4 d6 3. Nc3 g6 4. e4 c6 5. a4 a5 6. Qd2 Qb6 7. Nf3 Bg4 8. Be2 Bg7 9. h3 Bxf3 10. Bxf3 Nfd7 11. Be3 Na6 $16 12. Be2 Nc7 13. Bc4 Qb4 14. Bb3 c5 15. Ne2 Qxd2+ 16. Kxd2 cxd4 17. Bxd4 Bxd4 18. Nxd4 Nc5 19. Ke3 e5 20. Ne2 Nxb3 21. cxb3 O-O-O 22. Nc3 d5 23. Nxd5 Nxd5+ 24. exd5 Rxd5 25. Rhd1 Rhd8 26. Rac1+ Kb8 27. Rxd5 Rxd5 28. Rc4 f5 29. b4 b5 30. axb5 Rxb5 31. bxa5 Rxb2 32. Rc5 Rb3+ 33. Ke2 e4 34. Re5 Rb7 35. g4 Rb2+ 36. Ke1 fxg4 37. hxg4 Ra2 38. Rxe4 Rxa5 39. Re8+ Kc7 40. Re7+ Kd6 41. Rxh7 Ke6 42. Rh6 Rg5 43. f3 Kf6 44. Kf2 Kg7 45. Rh1 Ra5 46. Kg3 Ra7 47. Rc1 Rb7 48. Rc3 Ra7 49. f4 Rb7 50. Kh4 Ra7 51. Kg5 Ra5+ 52. f5 gxf5 53. gxf5 Ra7 54. Rh3 Ra6 55. Rb3 Ra7 56. Rc3 1/2-1/2

[Event "XXIX Cracovia 2018"]
[Site "Krakow"]
[Date "2019.01.04"]
[Round "9"]
[White "Dzida, Kamil"]
[Black "Popescu, Florin"]
[Result "0-1"]
[ECO "C14"]
[WhiteElo "1951"]
[BlackElo "2099"]
[Annotator "NA"]
[PlyCount "106"]
[EventDate "2018.12.27"]
[EventType "swiss"]
[EventCountry "POL"]
[SourceTitle "playchess.com"]
[Source "ChessBase"]
[SourceQuality "1"]
[TimeControl "40/5400+30:1800+30"]

1. e4 e6 2. d4 d5 3. Nc3 Nf6 4. Bg5 Be7 5. e5 Nfd7 6. Bxe7 Qxe7 7. f4 a6 8. Nf3 c5 9. Qd2 Nc6 10. O-O-O b5 11. dxc5 Qxc5 12. Ne2 Nb6 13. Ned4 Nxd4 14. Nxd4 Bd7 15. g4 h5 16. f5 hxg4 17. Qg5 exf5 18. Qxg7 Qf8 19. Qg5 Qh6 20. Qxh6 Rxh6 21. Ne2 Re6 22. Nf4 Rxe5 23. Bg2 O-O-O 24. b3 Rh8 25. Kd2 Kc7 26. h4 Kd6 27. Kd3 b4 28. h5 Bb5+ 29. Kd2 Rh6 30. c3 a5 31. Rde1 Rh8 32. a4 bxa3 33. Ra1 a4 34. Rxa3 axb3 35. Rxb3 Nc4+ 36. Kc1 Bc6 37. Nd3 Re2 38. Bf1 Ra2 39. h6 Ba4 40. Rb7 Ra1+ 41. Rb1 Rxb1+ 42. Kxb1 Nd2+ 43. Kc1 Nxf1 44. Rxf1 Bb5 45. Kd2 Bxd3 46. Kxd3 Rxh6 47. Rxf5 Ke6 48. Rf2 Rf6 49. Rg2 Rf4 50. Ke3 Re4+ 51. Kd3 f5 52. Rh2 g3 53. Rh8 g2 {[%emt 0:00:08] Kd4 Ke5+} 0-1

[Event "XXIX Cracovia 2018"]
[Site "Krakow"]
[Date "2019.01.04"]
[Round "9"]
[White "Bachor, Tomasz"]
[Black "Kvaratskhelia, Dimitri"]
[Result "1/2-1/2"]
[ECO "D37"]
[WhiteElo "1854"]
[BlackElo "1996"]
[Annotator "NA"]
[PlyCount "109"]
[EventDate "2018.12.27"]
[EventType "swiss"]
[EventCountry "POL"]
[SourceTitle "playchess.com"]
[Source "ChessBase"]
[SourceQuality "1"]
[TimeControl "40/5400+30:1800+30"]

1. d4 Nf6 2. c4 e6 3. Nf3 d5 4. Nc3 Be7 5. cxd5 exd5 6. Bg5 c6 7. e3 Bf5 8. Bd3 Bxd3 9. Qxd3 Nbd7 10. O-O O-O 11. Rab1 a5 12. a3 Re8 13. b4 axb4 $11 {[%emt 0:01:01] LiveBook: 3 Games} 14. axb4 Ne4 15. Bxe7 Qxe7 16. Qc2 Nd6 17. Na4 Nc4 18. Qb3 b5 19. Nc5 Ra3 20. Qc2 Rea8 21. Qf5 Ndb6 22. Rfe1 g6 23. Qf4 f5 24. h4 Na4 25. Ra1 Nc3 26. Rxa3 Nxa3 27. Kf1 Nc4 28. h5 Ne4 29. hxg6 hxg6 30. g3 Ra2 31. Qb8+ Qf8 32. Qxf8+ Kxf8 33. Re2 Ra7 34. Kg2 Ke7 35. Nd3 g5 36. g4 fxg4 37. Nfe5 Kd6 38. Nxg4 Ra3 39. Nge5 Ra1 40. Rc2 Ra3 41. Kf3 Nf6 42. Kg3 Nd7 43. Kg4 Ndxe5+ 44. Nxe5 Rb3 45. Kxg5 Rxb4 46. Kf6 Ra4 47. f4 Ra3 48. Rh2 Ra7 49. Rh8 Nxe3 50. Rd8+ Kc7 51. Rd7+ Kb6 52. Rxa7 Kxa7 53. Nxc6+ Kb6 54. Nb4 Ka5 55. Nd3 1/2-1/2